 Dungeon Crawl Stone Soup version 0.29-a0-334-gb41bcbb86e (webtiles) character file.

Game seed: 11655269914666169795

89 zishaf the Sneak (level 4, -3/23 HPs)
             Began as a Vine Stalker Brigand on Apr 14, 2022.
             Slain by Ijyb
             ... wielding a +0 dagger
              (4 damage)
             ... on level 3 of the Dungeon.
             The game lasted 00:04:50 (1843 turns).

zishaf the Sneak (Vine Stalker Brigand)             Turns: 1843, Time: 00:04:51

Health: -3/23      AC:  3    Str: 13    XL:     4   Next: 55%
Magic:  0/5        EV: 12    Int: 11    God:
Gold:   206        SH:  0    Dex: 18    Spells: 3/3 levels left

rFire   . . .      SeeInvis .   a - +2 dagger
rCold   . . .      Faith    .   (no shield)
rNeg    . . .      Spirit   +   b - +0 robe
rPois   .          Reflect  .   (no helmet)
rElec   .          Harm     .   c - +0 cloak
rCorr   .          Rampage  .   (no gloves)
Will    .....                   (no boots)
Stlth   +++.......              (no amulet)
HPRegen 0.87/turn               (no ring)
MPRegen 0.09/turn               (no ring)

@: no status effects
A: fangs 2, regeneration 1, magic shield, antimagic bite, no potion heal 2
a: no special abilities


You were on level 3 of the Dungeon.
You visited 1 branch of the dungeon, and saw 3 of its levels.

You collected 206 gold pieces.

Inventory:

Hand Weapons
 a - a +2 dagger (weapon)
Missiles
 d - 8 poisoned darts (quivered)
Armour
 b - a +0 robe (worn)
 c - a +0 cloak (worn)
Jewellery
 j - a ring of fire
Scrolls
 f - 2 scrolls of enchant weapon {unknown}
 i - 2 scrolls of identify {unknown}
 m - a scroll of silence {unknown}
 n - a scroll of blinking {unknown}
 o - a scroll of fear {unknown}
 p - a scroll of amnesia {unknown}
Potions
 g - a potion of degeneration {unknown}
 h - 2 potions of cancellation {unknown}
 k - a potion of haste {unknown}
 l - a potion of curing {unknown}
 q - a potion of flight {unknown}


   Skills:
 + Level 2.7 Fighting
 + Level 2.7 Short Blades
 - Level 1.7 Throwing
 - Level 1.0 Dodging
 + Level 5.7 Stealth


You had 3 spell levels left.
You didn't know any spells.
Your spell library was empty.

Dungeon Overview and Level Annotations

Branches:
Dungeon (3/15)

Altars:
Elyvilon

Annotations:
D:3 Ijyb


Innate Abilities, Weirdness & Mutations

You have extremely sharp teeth.
Your natural rate of healing is unusually fast.
When hurt, damage is shared between your health and your magic reserves.
Your bite disrupts and absorbs the magic of your enemies.
Potions cannot restore your health.


Message History

An endoplasm comes into view.
Ijyb closely misses you.
You aren't carrying any items that you can evoke.
Throw: 3 darts (curare)
Press: ? - help, Q - select action, (/) - cycle Shift-Dir - straight line, f - Ijyb
Aim: Ijyb, wielding a +0 dagger, wearing a +2 chain mail of fire resistance and carrying a wand of iceblast (4) (moderately wounded, 62% to hit)
You throw a curare-tipped dart.
The curare-tipped dart closely misses Ijyb.
The endoplasm quivers.
Throw: 2 darts (curare)
Press: ? - help, Q - select action, (/) - cycle Shift-Dir - straight line, f/p - Ijyb
Aim: Ijyb, wielding a +0 dagger, wearing a +2 chain mail of fire resistance and carrying a wand of iceblast (4) (moderately wounded, 62% to hit)
You throw a curare-tipped dart.
The curare-tipped dart barely misses Ijyb.
Ijyb hits you with a +0 dagger.
* * * LOW HITPOINT WARNING * * *
Throw: dart (curare)
Press: ? - help, Q - select action, (/) - cycle Shift-Dir - straight line, f/p - Ijyb
Aim: Ijyb, wielding a +0 dagger, wearing a +2 chain mail of fire resistance and carrying a wand of iceblast (4) (moderately wounded, 62% to hit)
You throw a curare-tipped dart.
The curare-tipped dart closely misses Ijyb.
The curare-tipped dart hits the endoplasm.
Ijyb hits you with a +0 dagger.
* * * LOW HITPOINT WARNING * * *
Throw: 9 darts (poison)
Press: ? - help, Q - select action Shift-Dir - straight line, f/p - Ijyb
Aim: Ijyb, wielding a +0 dagger, wearing a +2 chain mail of fire resistance and carrying a wand of iceblast (4) (moderately wounded, 62% to hit)
You throw a poisoned dart. The poisoned dart hits Ijyb.
Ijyb is poisoned.
Ijyb is moderately wounded.
Ijyb hits you with a +0 dagger.
* * * LOW HITPOINT WARNING * * *
You barely miss Ijyb. Your bite misses Ijyb.
Ijyb is lightly wounded.
Ijyb hits you with a +0 dagger.
* * * LOW HITPOINT WARNING * * *
Okay, then.
You hit Ijyb but do no damage. You bite Ijyb, but do no damage.
Ijyb is moderately wounded.
Ijyb hits you with a +0 dagger.
You die...

### ###.# ...#
####.##################
#....).................
#....##################
#(..Jg@.......#
##...####.###.#
#....#### # #.#.....#
#.#.##### #.#.....# # .
#g$#### # . #..# # #..#
#


You could see Ijyb (poisoned) and an endoplasm.

Vanquished Creatures
  A hound (D:3)
  An adder (D:3)
  4 dart slugs
  An orc (D:3)
  2 ball pythons (D:2)
  6 endoplasms
  2 giant cockroaches
  3 goblins
  A hobgoblin (D:1)
  5 kobolds (D:1)
  3 quokkas (D:1)
  5 bats
  3 frilled lizards
  4 rats
41 creatures vanquished.

Vanquished Creatures (others)
  A jackal (D:3)
  A quokka (D:3)
2 creatures vanquished.

Grand Total: 43 creatures vanquished

Notes
Turn   | Place    | Note
-------+----------+-------------------------------------------
     0 | D:1      | zishaf the Vine Stalker Brigand began the quest for the
                  | Orb.
     0 | D:1      | Reached XP level 1. HP: 11/11 MP: 2/2
   210 | D:1      | Reached skill level 1 in Dodging
   232 | D:1      | Reached skill level 5 in Stealth
   232 | D:1      | Reached XP level 2. HP: 14/15 MP: 3/3
   322 | D:1      | Found a faded altar of an unknown god.
   888 | D:1      | Reached XP level 3. HP: 16/16 MP: 4/4
  1404 | D:3      | Found a white marble altar of Elyvilon.
  1666 | D:3      | Gained mutation: Your natural rate of healing is unusually
                  | fast. [Vine Stalker growth]
  1666 | D:3      | Reached XP level 4. HP: 23/23 MP: 5/5
  1789 | D:3      | Noticed Ijyb
  1842 | D:3      | HP: 1/23 [Ijyb/+0 dagger (4)]
  1843 | D:3      | Slain by Ijyb

Illustrated notes

Levels and vault maps discovered:
D:1:      ncdulo_halloftheorcs, layout_basic, ebering_ecumenical_altar_ruins,
          skrybe_limestone_x, fountainhead
D:2:      layout_rooms, serial_bayou_pond_d
D:3:      layout_basic, pf_just_have_faith, elyvilon_altar_4,
          minmay_misc_feat_rugged, uniq_ijyb

Skill      XL: |  1 |
---------------+----+-----
Dodging        | 1 |  1.0
Fighting       | 2 |  2.7
Short Blades   | 2 |  2.7
Stealth        | 5 |  5.7
Throwing       | |  1.7

Action                   |  1- 3 |  4- 6 || total
-------------------------+-------+-------++-------
Melee: Dagger            |    56 |    39 ||    95
       Bite              |    10 |     9 ||    19
       Punch             |     1 |       ||     1
Throw: Dart              |       |     4 ||     4
 Stab: Sleeping          |    15 |     3 ||    18
       Distracted        |     1 |       ||     1
Armor: Robe              |    16 |     4 ||    20
Dodge: Dodged            |    24 |     9 ||    33

Table legend: (Time is in decaauts)
 A = Elapsed time spent in this place.
 B = Non-inter-level travel time spent in this place.
 C = Inter-level travel time spent in this place.
 D = Time resting spent in this place.
 E = Time spent auto-exploring this place.
 F = Levels seen in this place.
 G = Mean time per level.
                   A        B        C        D        E       F      G
               +--------+--------+--------+--------+--------+-----+--------+
         Total |   1832 |   1559 |    273 |      0 |   1111 |   3 |  610.7 |
       Dungeon |   1832 |   1559 |    273 |      0 |   1111 |   3 |  610.7 |
               +--------+--------+--------+--------+--------+-----+--------+

Top non-repeatable levels by time:
     D:1: 914 daAuts
     D:2: 486 daAuts
     D:3: 432 daAuts
